NCAA
OKLAHOMA SOONERS @ BOSTON COLLEGE EAGLES
05/01/2026
 
TOP OF THE 1ST
Oklahoma Sooners batting - Pitching for Boston College Eagles : RHP Horace Olson
Pitching: RHP Horace Olson
Batting: SHB Ryan Holcomb 0-0: Ground out 4-3 (Groundball, 34)
Batting: RHB José Ramos 0-0: Ball
1-0: Called Strike
1-1: Ball
2-1: Foul Ball, location: 2F
2-2: Foul Ball, location: 2F
2-2: Ball
3-2: Foul Ball, location: 2F
3-2: Strikes out swinging
Batting: SHB César Álvarez 0-0: Fly out, F7 (Flyball, 78S)
Top of the 1st over - 0 run(s), 0 hit(s), 0 error(s), 0 left on base; Oklahoma 0 - Boston College 0
BOTTOM OF THE 1ST
Boston College Eagles batting - Pitching for Oklahoma Sooners : RHP Ryan Thompson
Pitching: RHP Ryan Thompson
Batting: RHB Al Williamson 0-0: Foul Ball, location: 2F
0-1: Called Strike
0-2: Foul Ball, location: 2F
0-2: Strikes out swinging
Batting: LHB Greg Hyde 0-0: Ball
1-0: Called Strike
1-1: Reached on error, E4 (Groundball, 4)
Batting: SHB Felipe Castro Pickoff Throw to First - Out!
0-0: Ball
Single, Error in OF, E9, batter to second base
Batting: RHB Dennis House 0-0: Ball
1-0: Foul Ball, location: 2F
1-1: Called Strike
1-2: SINGLE (Groundball, 6MD)
Felipe Castro to third
Runner from 3rd tries for Home, SAFE, no throw or cutoff
Batting: LHB Rafael Yan 0-0: Foul Ball, location: 2F
0-1: Ball
1-1: Ball
2-1: Swinging Strike
2-2: Strikes out swinging
Bottom of the 1st over - 1 run(s), 2 hit(s), 2 error(s), 1 left on base; Oklahoma 0 - Boston College 1
TOP OF THE 2ND
Oklahoma Sooners batting - Pitching for Boston College Eagles : RHP Horace Olson
Batting: SHB Donald Reed 0-0: Called Strike
0-1: Ball
1-1: Called Strike
1-2: Strikes out swinging
Batting: RHB Rafael Barajas 0-0: Ball
1-0: DOUBLE (Popup, 4D)
Batting: RHB Martín Rodríguez 0-0: Foul Ball, location: 2F
0-1: Ball
1-1: Ball
2-1: Foul Ball, location: 2F
2-2: Foul Ball, location: 2F
2-2: Ball
3-2: Strikes out swinging
Batting: LHB Larry Wright 0-0: Ball
1-0: Ball
2-0: Ball
3-0: Base on Balls
Batting: RHB Scott Williams 0-0: Ball
1-0: Foul Ball, location: 2F
1-1: Ball
2-1: Foul Ball, location: 2F
2-2: Ball
3-2: Foul Ball, location: 2F
3-2: Base on Balls
Rafael Barajas to third
Larry Wright to second
Batting: RHB Sidney Boyd 0-0: Ball
1-0: SINGLE (Flyball, 8RS)
Rafael Barajas scores
Larry Wright to third
Scott Williams to second
Batting: SHB Ryan Holcomb 0-0: Called Strike
0-1: Ground out 3-1 (Groundball, 34)
Top of the 2nd over - 1 run(s), 2 hit(s), 0 error(s), 3 left on base; Oklahoma 1 - Boston College 1
BOTTOM OF THE 2ND
Boston College Eagles batting - Pitching for Oklahoma Sooners : RHP Ryan Thompson
Batting: RHB Jesús Morales 0-0: Foul Ball, location: 2F
0-1: Called Strike
0-2: Ground out 4-3 (Groundball, 34)
Batting: SHB Ralph Alfonzo 0-0: Ground out 4-3 (Groundball, 4)
Batting: RHB Theodore Burns 0-0: Called Strike
0-1: Ball
1-1: Called Strike
1-2: Ball
2-2: Foul Ball, location: 2F
2-2: Strikes out swinging
Bottom of the 2nd over - 0 run(s), 0 hit(s), 0 error(s), 0 left on base; Oklahoma 1 - Boston College 1
TOP OF THE 3RD
Oklahoma Sooners batting - Pitching for Boston College Eagles : RHP Horace Olson
Batting: RHB José Ramos 0-0: Ground out U3 (Groundball, 3S)
Batting: SHB César Álvarez 0-0: Ball
1-0: Called Strike
1-1: Swinging Strike
1-2: Foul Ball, location: 2F
1-2: Ball
2-2: Ground out 6-3 (Groundball, 6M)
Batting: SHB Donald Reed 0-0: Called Strike
0-1: Ball
1-1: Called Strike
1-2: Ball
2-2: Foul Ball, location: 2F
2-2: SOLO HOME RUN (Flyball, 89XD), Distance : 376 ft
Batting: RHB Rafael Barajas 0-0: Ball
1-0: Swinging Strike
1-1: Fly out, F8 (Flyball, 8RS)
Top of the 3rd over - 1 run(s), 1 hit(s), 0 error(s), 0 left on base; Oklahoma 2 - Boston College 1
BOTTOM OF THE 3RD
Boston College Eagles batting - Pitching for Oklahoma Sooners : RHP Ryan Thompson
Batting: RHB Shaun Harris 0-0: Fly out, F7 (Flyball, 7M)
Batting: RHB Al Williamson 0-0: Ball
1-0: Called Strike
1-1: Foul Ball, location: 2F
1-2: Ball
2-2: Ball
3-2: Foul Ball, location: 2F
3-2: Base on Balls
Batting: LHB Greg Hyde 0-0: Hit by Pitch
Al Williamson to second
Batting: SHB Felipe Castro 0-0: Called Strike
0-1: Foul Ball, location: 2F
0-2: Ball
1-2: Strikes out swinging
Batting: RHB Dennis House 0-0: Called Strike
0-1: Ball
1-1: Fielders Choice at 2nd, 5-4 (Groundball, 5)
Bottom of the 3rd over - 0 run(s), 0 hit(s), 0 error(s), 1 left on base; Oklahoma 2 - Boston College 1
TOP OF THE 4TH
Oklahoma Sooners batting - Pitching for Boston College Eagles : RHP Horace Olson
Batting: RHB Martín Rodríguez 0-0: Swinging Strike
0-1: Foul Ball, location: 2F
0-2: Strikes out swinging
Batting: LHB Larry Wright 0-0: Called Strike
0-1: Ball
1-1: Ball
2-1: Swinging Strike
2-2: Strikes out swinging
Batting: RHB Scott Williams 0-0: Ball
1-0: SINGLE (Groundball, 6MD)
Batting: RHB Sidney Boyd 0-0: Called Strike
0-1: Called Strike
0-2: Ball
1-2: Ball
2-2: Ball
3-2: Base on Balls
Scott Williams to second
Batting: SHB Ryan Holcomb 0-0: Ball
1-0: Ball
2-0: Called Strike
2-1: Ball
3-1: Base on Balls
Scott Williams to third
Sidney Boyd to second
Batting: RHB José Ramos 0-0: Ball
1-0: Ball
2-0: Ball
3-0: Called Strike
3-1: Foul Ball, location: 2F
3-2: Strikes out swinging
Top of the 4th over - 0 run(s), 1 hit(s), 0 error(s), 3 left on base; Oklahoma 2 - Boston College 1
BOTTOM OF THE 4TH
Boston College Eagles batting - Pitching for Oklahoma Sooners : RHP Ryan Thompson
Batting: LHB Rafael Yan 0-0: Ball
1-0: Hit by Pitch
Pinch Runner at 1st Ed Gómez:
Batting: RHB Jesús Morales 0-0: Ball
1-0: Called Strike
1-1: Fielders Choice at 2nd, 5-4 (Groundball, 5L)
Batting: SHB Ralph Alfonzo 0-0: Ball
1-0: Called Strike
1-1: Foul Ball, location: 2F
1-2: Strikes out swinging
Batting: RHB Theodore Burns 0-0: Ball
1-0: Foul Ball, location: 2F
1-1: Ball
2-1: Ball
3-1: Base on Balls
Jesús Morales to second
Batting: RHB Shaun Harris 0-0: Foul Ball, location: 2F
0-1: Swinging Strike
0-2: Strikes out swinging
Bottom of the 4th over - 0 run(s), 0 hit(s), 0 error(s), 2 left on base; Oklahoma 2 - Boston College 1
TOP OF THE 5TH
Oklahoma Sooners batting - Pitching for Boston College Eagles : RHP Horace Olson
Pitching: RHP Brad Potter
Now in RF: Ed Gómez
Batting: SHB César Álvarez 0-0: Swinging Strike
0-1: Ball
1-1: Ball
2-1: Fly out, F8 (Line Drive, 8LM)
Batting: SHB Donald Reed 0-0: Called Strike
0-1: Foul Ball, location: 2F
0-2: Ball
1-2: Strikes out swinging
Batting: RHB Rafael Barajas 0-0: Called Strike
0-1: Ground out 6-3 (Groundball, 6MD)
Top of the 5th over - 0 run(s), 0 hit(s), 0 error(s), 0 left on base; Oklahoma 2 - Boston College 1
BOTTOM OF THE 5TH
Boston College Eagles batting - Pitching for Oklahoma Sooners : RHP Ryan Thompson
Batting: RHB Al Williamson 0-0: Called Strike
0-1: Foul Ball, location: 2F
0-2: Strikes out looking
Batting: LHB Greg Hyde 0-0: Foul Ball, location: 2F
0-1: Fly out, F6 (Popup, 6)
Batting: SHB Felipe Castro 0-0: Ball
1-0: SINGLE (Groundball, 5D)
Batting: RHB Dennis House 0-0: Ball
1-0: Called Strike
1-1: Swinging Strike
1-2: Foul Ball, location: 2F
1-2: Foul Ball, location: 2F
1-2: Foul Ball, location: 2F
1-2: Ground out 6-3 (Groundball, 6)
Bottom of the 5th over - 0 run(s), 1 hit(s), 0 error(s), 1 left on base; Oklahoma 2 - Boston College 1
TOP OF THE 6TH
Oklahoma Sooners batting - Pitching for Boston College Eagles : RHP Brad Potter
Batting: RHB Martín Rodríguez 0-0: Called Strike
0-1: Foul Ball, location: 2F
0-2: Ball
1-2: Strikes out swinging
Batting: LHB Larry Wright 0-0: Fly out, F9 (Flyball, 89M)
Batting: RHB Scott Williams 0-0: Ball
1-0: Ball
2-0: Called Strike
2-1: Ground out 5-3 (Groundball, 5L)
Top of the 6th over - 0 run(s), 0 hit(s), 0 error(s), 0 left on base; Oklahoma 2 - Boston College 1
BOTTOM OF THE 6TH
Boston College Eagles batting - Pitching for Oklahoma Sooners : RHP Ryan Thompson
Batting: RHB Ed Gómez 0-0: Foul Ball, location: 2F
0-1: SOLO HOME RUN (Flyball, 7D), Distance : 358 ft
Batting: RHB Jesús Morales 0-0: Ball
1-0: Called Strike
1-1: Ball
2-1: Called Strike
2-2: Strikes out swinging
Pitching: RHP Edwin Cooper
Batting: SHB Ralph Alfonzo 0-0: Foul Ball, location: 2F
0-1: Foul Ball, location: 2F
0-2: SINGLE (Groundball, 56)
Batting: RHB Theodore Burns 0-0: Ball
Ralph Alfonzo steals 2nd base
1-0: Intentional Walk
Batting: RHB Shaun Harris 0-0: SINGLE (Line Drive, 4)
Ralph Alfonzo to third
Theodore Burns to second
Runner from 3rd tries for Home, SAFE, throw made home
Batting: RHB Al Williamson 0-0: SINGLE (Groundball, 4M)
Theodore Burns to third
Shaun Harris to second
Batting: LHB Greg Hyde 0-0: SINGLE (Line Drive, 56)
Theodore Burns scores
Shaun Harris to third
Al Williamson to second
Runner from 3rd tries for Home, SAFE, throw made home
Al Williamson to third
Greg Hyde to second
Batting: SHB Felipe Castro 0-0: Intentional Walk
Batting: RHB Dennis House 0-0: Ball
1-0: Ball
2-0: Ball
3-0: Base on Balls
Al Williamson scores
Greg Hyde to third
Felipe Castro to second
Pitching: LHP Miguel Medine
Batting: RHB Ed Gómez 0-0: Ball
1-0: Called Strike
1-1: Ball
2-1: Foul Ball, location: 2F
2-2: Foul Ball, location: 2F
2-2: Ball
3-2: Grounds into double play, 4-6-3 (Groundball, 4)
Bottom of the 6th over - 5 run(s), 5 hit(s), 0 error(s), 2 left on base; Oklahoma 2 - Boston College 6
TOP OF THE 7TH
Oklahoma Sooners batting - Pitching for Boston College Eagles : RHP Brad Potter
Pitching: LHP Sixto Pineda
Batting: RHB Sidney Boyd 0-0: SINGLE (Groundball, 56)
Batting: SHB Ryan Holcomb 0-0: Grounds into double play, 4-6-3 (Groundball, 4)
Batting: RHB José Ramos 0-0: Ball
1-0: Called Strike
1-1: Ground out 4-3 (Groundball, 4MS)
Top of the 7th over - 0 run(s), 1 hit(s), 0 error(s), 0 left on base; Oklahoma 2 - Boston College 6
BOTTOM OF THE 7TH
Boston College Eagles batting - Pitching for Oklahoma Sooners : LHP Miguel Medine
Batting: RHB Jesús Morales 0-0: Ball
1-0: Foul Ball, location: 2F
1-1: Ball
2-1: Ball
3-1: Base on Balls
Batting: SHB Ralph Alfonzo 0-0: Bunted foul
0-1: Bunted foul
0-2: Strikes out swinging
Batting: RHB Theodore Burns 0-0: 2-RUN HOME RUN (Flyball, 7D), Distance : 371 ft
Batting: RHB Shaun Harris 0-0: Fly out, F5 (Line Drive, 5)
Batting: RHB Al Williamson 0-0: Foul Ball, location: 2F
0-1: Foul Ball, location: 2F
0-2: Ball
1-2: SINGLE (Line Drive, 3D)
Batting: LHB Greg Hyde 0-0: Ball
1-0: Ball
2-0: Called Strike
2-1: Ground out U3 (Groundball, 3)
Bottom of the 7th over - 2 run(s), 2 hit(s), 0 error(s), 1 left on base; Oklahoma 2 - Boston College 8
TOP OF THE 8TH
Oklahoma Sooners batting - Pitching for Boston College Eagles : LHP Sixto Pineda
Batting: SHB César Álvarez 0-0: Called Strike
0-1: Called Strike
0-2: Fly out, F2 (Popup, 2R)
Batting: SHB Donald Reed 0-0: Ball
1-0: Ball
2-0: DOUBLE (Line Drive, 9LS)
Batting: RHB Rafael Barajas 0-0: Ball
1-0: Swinging Strike
1-1: Called Strike
1-2: Foul Ball, location: 2F
1-2: Strikes out looking
Batting: RHB Martín Rodríguez 0-0: SINGLE (Flyball, 89S)
Donald Reed to third
Runner from 3rd tries for Home, SAFE, no throw or cutoff
Batting: LHB Larry Wright 0-0: Ball
1-0: Called Strike
1-1: Fielders Choice at 2nd, U6 (Groundball, 6M)
Top of the 8th over - 1 run(s), 2 hit(s), 0 error(s), 1 left on base; Oklahoma 3 - Boston College 8
BOTTOM OF THE 8TH
Boston College Eagles batting - Pitching for Oklahoma Sooners : LHP Miguel Medine
Batting: SHB Felipe Castro 0-0: Ball
1-0: DOUBLE (Line Drive, 7LS)
Batting: RHB Dennis House 0-0: Called Strike
0-1: Ground out 1-3 (Groundball, 25)
Pitching: RHP Dave Kelly
Batting: RHB Ed Gómez 0-0: Ball
1-0: SINGLE (Groundball, 56D) (infield hit)
Felipe Castro to third
Batting: RHB Jesús Morales 0-0: Ball
1-0: SINGLE (Groundball, 6MD)
Felipe Castro scores
Ed Gómez to second
Batting: SHB Ralph Alfonzo 0-0: Called Strike
0-1: Foul Ball, location: 2F
0-2: Foul Ball, location: 2F
0-2: Ball
1-2: Ball
2-2: Strikes out looking
Batting: RHB Theodore Burns 0-0: Fly out, F8 (Line Drive, 8LS)
Bottom of the 8th over - 1 run(s), 3 hit(s), 0 error(s), 2 left on base; Oklahoma 3 - Boston College 9
TOP OF THE 9TH
Oklahoma Sooners batting - Pitching for Boston College Eagles : LHP Sixto Pineda
Batting: RHB Scott Williams 0-0: Ball
1-0: Called Strike
1-1: Swinging Strike
1-2: Strikes out swinging
Batting: RHB Sidney Boyd 0-0: Ground out 5-3 (Groundball, 56)
Batting: SHB Ryan Holcomb 0-0: Ball
1-0: Ball
2-0: Ball
3-0: Base on Balls
Batting: RHB José Ramos 0-0: Foul Ball, location: 2F
0-1: Ball
1-1: 2-RUN HOME RUN (Flyball, 7D), Distance : 367 ft
Batting: SHB César Álvarez 0-0: Ball
1-0: Ball
2-0: Called Strike
2-1: Ball
3-1: Base on Balls
Batting: SHB Donald Reed 0-0: Fly out, F9 (Flyball, 89D)
Top of the 9th over - 2 run(s), 1 hit(s), 0 error(s), 1 left on base; Oklahoma 5 - Boston College 9
Monday, December 5th, 2016 - OOTP Baseball 17.12 Build 75